 Dungeon Crawl Stone Soup version 0.30-b1-2-g02819fbbbe (webtiles) character file.

Game seed: 16579714770105541631

259 Angani the Trooper (level 6, -5/49 HPs)
             Began as a Formicid Ice Elementalist on May 11, 2023.
             Slain by a two-headed ogre
             ... wielding a +0 giant club
              (21 damage)
             ... on level 4 of the Dungeon.
             The game lasted 00:04:09 (3058 turns).

Angani the Trooper (Formicid Ice Elementalist)      Turns: 3058, Time: 00:04:09

Health: -5/49      AC:  8    Str: 16    XL:     6   Next: 40%
Magic:  9/9        EV:  7    Int: 16    God:
Gold:   268        SH:  0    Dex: 13    Spells: 8/9 levels left

rFire   . . .        c - +2 mace (venom)
rCold   . . .        (no shield)
rNeg    . . .        g - +0 chain mail
rPois   .            (helmet unavailable)
rElec   .            (no cloak)
rCorr   +            (no gloves)
SInv    +            (no boots)
Will    .....        (no amulet) Stlth
                     d - ring of resist corrosion
HPRegen 0.28/turn    (no ring)
MPRegen 0.11/turn

%: clarity
@: invisible
A: permanent stasis, dig shafts and tunnels, antennae 3, four strong arms,
hooves 1, clarity, strong 1
a: Dig, Shaft Self


You were on level 4 of the Dungeon.
You visited 1 branch of the dungeon, and saw 4 of its levels.

You collected 318 gold pieces.
You spent 50 gold pieces at shops.

Inventory:

Hand Weapons
 c - a +2 mace of venom (weapon)
Armour
 g - a +0 chain mail (worn)
Jewellery
 d - a ring of resist corrosion (left hand)
Scrolls
 e - 2 scrolls of fog
 h - 2 scrolls of immolation
 l - a scroll of enchant weapon {unknown}
 m - a scroll of identify
Potions
 a - 4 potions of curing
 b - a potion of magic
 f - 2 potions of mutation
 j - a potion of lignification {unknown}
 k - a potion of resistance {unknown}


   Skills:
 + Level 4.6 Fighting
 + Level 3.7 Maces & Flails
 - Level 1.7 Dodging
 - Level 2.4 Stealth
 - Level 2.1 Spellcasting
 - Level 4.0 Ice Magic


You had 8 spell levels left.
You knew the following spells:

 Your Spells              Type           Power      Damage    Failure   Level
a - Freeze                Ice            56%        1d7       50%         1

Your spell library contained the following spells:

 Spells                   Type           Power      Damage    Failure   Level
 Frozen Ramparts          Ice            28%        1d5       86%         3
 Ozocubu's Armour         Ice            14%        N/A       86%         3
 Tukima's Dance           Hex            1%         N/A       100%        3
 Passage of Golubria      Tloc           1%         N/A       100%        4
 Summon Ice Beast         Ice/Summ       8%         N/A       100%        4
 Yara's Violent Unravell  Hex/Tmut       0%         3d3       100%        5


Dungeon Overview and Level Annotations

Branches:
Dungeon (4/15)
 Temple: D:4-7

Altars:
Nemelex Xobeh

Shops:
D:1 *   D:2 *:(

Annotations:
D:4 3 runed translucent doors, zkyp's ghost, amateur TeEn


Innate Abilities, Weirdness & Mutations

You cannot be hasted, slowed, berserked, paralysed or teleported.
You can dig through walls and to a lower floor.
You have a pair of large antennae on your head. (SInv)
Your four strong arms can wield two-handed weapons with a shield.
You have large cloven feet.
You possess an exceptional clarity of mind.
Your muscles are strong. (Str +4, Int/Dex -1)


Message History

No reachable target in view!
No reachable target in view!
The orc wizard shouts!
The adder hisses angrily.
You sense a monster nearby.
Found a stone staircase leading down.
Found a runed translucent gate.
Zkyp's ghost turns its malevolent gaze towards you.
You pick up Great Wizards, Vol.
VII and begin reading...
You add the spells Tukima's Dance, Passage of Golubria and Yara's Violent Unravelling to your library.
Zkyp's ghost says, "One skewered Ant, coming right up."
You now have 257 gold pieces (gained 13).
You sense a monster nearby.
Found a sling.
Zkyp's ghost wails, "You will never get the ORB!"
You see here the +3 leather armour of Feasting {rPois}.
You sense a monster nearby.
You sense a monster nearby.
A two-headed ogre comes into view. It is wielding two +0 giant clubs.
The two-headed ogre shouts in stereo!
The two-headed ogre moves out of view.
You now have 268 gold pieces (gained 11).
You aren't carrying any items that you can evoke.
It was a potion of invisibility.
You fade into invisibility!
The two-headed ogre hits you with a +0 giant club!!
Ouch! That really hurt!
The two-headed ogre barely misses you.
You are too injured to fight recklessly!
Unknown command.
You sock the two-headed ogre!
The two-headed ogre is poisoned.
Your kick misses the two-headed ogre.
The two-headed ogre is lightly wounded.
The two-headed ogre hits you with a +0 giant club!
The two-headed ogre hits you with a +0 giant club.
You hit the two-headed ogre.
The two-headed ogre looks as sick as possible!
Your kick misses the two-headed ogre.
The two-headed ogre is lightly wounded.
The two-headed ogre hits you with a +0 giant club!!
You die...

................#........##......
#....#########......#############
#.#..#.......#......#
#....#..$)...#..#...#
.>...#.......#..#...#
##...#.......#..#...## #
#...#.....?.#..........
#...#.....{{#..###.....
#...#...SogW#..@O......
#...###+++###..#.......
#................#.....
#...............## ....
#.....[.##......# ...
################# .. .


You could see a two-headed ogre (unable to see you, extremely poisoned).

Vanquished Creatures
  A scorpion (D:4)
  A hound (D:4)
  Terence (D:2)
  A gnoll (D:1)
  4 adders
  A worm (D:2)
  5 dart slugs
  2 orcs
  9 bats
  7 endoplasms
  A giant cockroach (D:2)
  9 goblins
  9 hobgoblins
  8 jackals
  3 quokkas
  6 ball pythons
  A frilled lizard (D:1)
  3 kobolds
  5 rats
77 creatures vanquished.

Notes
Turn   | Place    | Note
-------+----------+-------------------------------------------
     0 | D:1      | Angani the Formicid Ice Elementalist began the quest for
                  | the Orb.
     0 | D:1      | Reached XP level 1. HP: 13/13 MP: 3/3
    96 | D:1      | Reached skill level 1 in Fighting
   137 | D:1      | Found Mapteom's General Store.
   221 | D:1      | Reached XP level 2. HP: 21/22 MP: 3/5
   413 | D:1      | Reached skill level 1 in Maces & Flails
   413 | D:1      | Reached XP level 3. HP: 24/27 MP: 6/6
   971 | D:2      | Noticed Terence
   978 | D:2      | Killed Terence
   979 | D:2      | Reached XP level 4. HP: 24/35 MP: 7/7
  1157 | D:2      | Found Vexaaq's Assorted Antiques.
  1166 | D:2      | Bought a scroll of identify for 50 gold pieces
  1176 | D:2      | Gained mutation: You have large cloven feet. [potion of
                  | mutation]
  1176 | D:2      | Gained mutation: You possess an exceptional clarity of
                  | mind. [potion of mutation]
  1176 | D:2      | Gained mutation: Your muscles are strong. (Str +4, Int/Dex
                  | -1) [potion of mutation]
  1253 | D:2      | Found Untih's Book Boutique.
  1441 | D:2      | Reached XP level 5. HP: 38/41 MP: 8/8
  1671 | D:2      | Found Boul's Weapon Shoppe.
  1939 | D:3      | Found a faded altar of an unknown god.
  2061 | D:3      | Found a sparkling altar of Nemelex Xobeh.
  2719 | D:4      | Reached XP level 6. HP: 42/49 MP: 9/9
  2918 | D:4      | Noticed zkyp's ghost (amateur TeEn)
  3028 | D:4      | Found a runed translucent gate.
  3028 | D:4      | Found a runed translucent gate.
  3028 | D:4      | Found a runed translucent gate.
  3043 | D:4      | Identified the +3 leather armour of Feasting {rPois}
  3052 | D:4      | Noticed a two-headed ogre
  3058 | D:4      | Slain by a two-headed ogre

Illustrated notes

Levels and vault maps discovered:
D:1:      nicolae_arrival_memento_mori, layout_loops_cross, serial_shops, shop,
          chequers_serial_rivers_small_3, minmay_tetromino_i2
D:2:      layout_loops_ring, serial_shops,
          nicolae_shop_competitors_out_of_business, shop,
          nicolae_shop_peninsula, minmay_3d_cube, uniq_terence
D:3:      layout_loops_corners, mainiacjoe_overflow_24_doors,
          basic_ecumenical_altar, serial_park_tiny_1
D:4:      layout_rooms, gammafunk_ghost_split

Skill      XL: |  1  2  3  4  5 |
---------------+----------------+-----
Fighting       | 1 2 3 4 |  4.6
Maces & Flails | 1 2 3 |  3.7
Dodging        | |  1.7
Stealth        | |  2.4
Spellcasting   | |  2.1
Ice Magic      | |  4.0

Action                     |  1- 3 |  4- 6 || total
---------------------------+-------+-------++-------
  Melee: Unarmed           |    18 |       ||    18
         Mace              |    47 |   111 ||   158
         Kick              |       |    19 ||    19
   Cast: Freeze            |     5 |       ||     5
    Use: Scroll            |     2 |     3 ||     5
         Potion            |       |     2 ||     2
   Stab: Sleeping          |     7 |       ||     7
 Armour: Robe              |    10 |       ||    10
         Chain mail        |       |    65 ||    65
  Dodge: Dodged            |    43 |    47 ||    90
